 Dungeon Crawl Stone Soup version 0.28-a0-863-g8cecda6153 (webtiles) character file.

Game seed: 17511019555315740619

1625 vineage the Cudgeller (level 8, -7/52 HPs)
             Began as a Gargoyle Fighter on Nov 19, 2021.
             Mangled by a small abomination (13 damage)
             ... on level 5 of the Dungeon.
             The game lasted 00:08:51 (6918 turns).

vineage the Cudgeller (Gargoyle Fighter)            Turns: 6918, Time: 00:08:52

Health: -7/52      AC: 17    Str: 21    XL:     8   Next: 97%
Magic:  8/8        EV:  9    Int:  5    God:
Gold:   222        SH:  7    Dex: 15    Spells: 7/7 levels left

rFire   . . .      SeeInvis .   a - +1 flail
rCold   . . .      Faith    .   c - +1 buckler
rNeg    + . .      Spirit   .   b - +0 scale mail
rPois   ∞          Reflect  .   (no helmet)
rElec   +          Harm     .   (no cloak)
rCorr   .          Rampage  .   (no gloves)
Will    .....                   (no boots)
Stlth   ..........              (no amulet)
HPRegen 0.17/turn               k - ring of wizardry
MPRegen 0.11/turn               h - ring of Kiprinn {+Blink rPois AC+4 Int-3 Dex+4}

@: studying Necromancy
A: sickness immunity, AC +5, negative energy resistance 1, electricity
resistance, torment resistance 1, petrification resistance
a: Evoke Blink


You were on level 5 of the Dungeon.
You visited 1 branch of the dungeon, and saw 5 of its levels.

You collected 222 gold pieces.

Inventory:

Hand Weapons
 a - a +1 flail (weapon)
Armour
 b - a +0 scale mail (worn)
 c - a +1 buckler (worn)
 e - a +0 pair of boots
Jewellery
 h - the ring of Kiprinn (right hand) {+Blink rPois AC+4 Int-3 Dex+4}
   (You acquired it on level 3 of the Dungeon)

   [ring of protection]

   AC:        It affects your AC (+4).
   Int:       It affects your intelligence (-3).
   Dex:       It affects your dexterity (+4).
   rPois:     It protects you from poison.
   +Blink:    It lets you blink.
 k - a ring of wizardry (left hand)
Wands
 t - a wand of mindburst (13)
Scrolls
 g - a scroll of teleportation
 j - a scroll of enchant armour
 p - 2 scrolls of fog
Potions
 d - a potion of haste {unknown}
 f - a potion of curing
 l - a potion of degeneration {unknown}
 m - a potion of heal wounds
 n - a potion of magic {unknown}
 o - a potion of lignification {unknown}


   Skills:
 + Level 6.5 Fighting
 * Level 6.6 Maces & Flails
 + Level 6.5 Armour
 + Level 6.5 Shields


You had 7 spell levels left.
You didn't know any spells.
Your spell library was empty.

Dungeon Overview and Level Annotations

Branches:
Dungeon (5/15)
 Temple: D:4-7

Altars:
Ashenzari
Kikubaaqudgha
Ru
Yredelemnul

Portals:
Abyss: D:5

Annotations:
D:5 1 transporter


Innate Abilities, Weirdness & Mutations

You are immune to sickness and miasma.
Your stone body is resilient. (AC +5)
You are immune to poison.
You resist negative energy. (rN+)
You are resistant to electric shocks. (rElec)
You are resistant to unholy torment.
You are immune to petrification.


Message History

You closely miss the small abomination.
The small abomination is moderately damaged.
The small abomination hits you but does no damage.
You hit the small abomination.
The small abomination is moderately damaged.
The small abomination completely misses you.
You barely miss the small abomination.
The small abomination is moderately damaged.
You block the small abomination's attack.
You completely miss the small abomination.
The small abomination is moderately damaged.
The small abomination hits you but does no damage.
You hit the small abomination.
The small abomination is heavily damaged.
You block the small abomination's attack.
You hit the small abomination.
The small abomination is severely damaged.
The small abomination hits you but does no damage.
You hit the small abomination.
The small abomination is severely damaged.
The small abomination barely misses you.
You completely miss the small abomination.
The small abomination is severely damaged.
The small abomination hits you.
* * * LOW HITPOINT WARNING * * *
You sock the small abomination!
You destroy the small abomination!
You hit the small abomination.
The small abomination is lightly damaged.
The small abomination hits you.
* * * LOW HITPOINT WARNING * * *
You closely miss the small abomination.
The small abomination is lightly damaged.
You hit the small abomination.
The small abomination is moderately damaged.
You block the small abomination's attack.
You barely miss the small abomination.
The small abomination is moderately damaged.
The small abomination hits you!
You die...

#############
###########...........########
#.............................
##....................#####....
#....###.......####...# #....
#...##.###...###?.#...# #....
#)..#∩#..#..##@..##...# #....
#...##...####x##.#....# #.(>.
#....##.#x.©.)#..##...#####....
#.....##.##.##.##K##..#...#....
#......#..#...^.#.©#.......###.
#....###.^.###.#..##........##.
#...##,..###.##.###.........##)
#...###.##....#..##.........##.
#...#..##...###.#.##...........


You could see a small abomination.

Vanquished Creatures
  The ghost of Tenar the Slasher, a novice DsFi (D:5)
  Menkaure (D:5)
  Duvessa (D:5)
  An ice beast (D:5)
  2 ogres (D:5)
  2 centaurs (D:5)
  A small abomination (D:5)
  A water moccasin skeleton (D:5)
  Dowan (D:5)
  A bullfrog zombie (D:5)
  4 orc priests (D:5)
  3 hounds
  A centaur skeleton (D:5)
  An iguana (D:5)
  3 orc wizards (D:5)
  2 hound zombies (D:4)
  5 adders
  A white imp (D:5)
  An ufetubus (D:5)
  An adder skeleton (D:3)
  An adder zombie (D:5)
  A worm (D:2)
  4 dart slugs
  4 orcs
  7 ball pythons
  5 endoplasms
  3 giant cockroaches
  10 goblins
  5 hobgoblins
  5 jackals
  5 kobolds
  A quokka (D:4)
  6 bats
  A frilled lizard (D:1)
  3 rats
95 creatures vanquished.

Vanquished Creatures (others)
  An orc wizard (D:5)
1 creature vanquished.

Grand Total: 96 creatures vanquished

Notes
Turn   | Place    | Note
-------+----------+-------------------------------------------
     0 | D:1      | vineage the Gargoyle Fighter began the quest for the Orb.
     0 | D:1      | Reached XP level 1. HP: 14/14 MP: 1/1
   104 | D:1      | Found a faded altar of an unknown god.
   208 | D:1      | Reached XP level 2. HP: 6/19 MP: 2/2
   608 | D:1      | Reached XP level 3. HP: 21/23 MP: 3/3
  1634 | D:2      | Reached XP level 4. HP: 6/29 MP: 4/4
  3315 | D:3      | Found a broken altar of Ashenzari.
  3574 | D:3      | Identified a scroll of acquirement
  3574 | D:3      | Acquired the ring of Kiprinn {+Blink rPois AC+4 Int-3
                  | Dex+4}
  3881 | D:4      | Reached XP level 5. HP: 20/33 MP: 5/5
  4086 | D:4      | Found an ancient bone altar of Kikubaaqudgha.
  4186 | D:4      | Found a basalt altar of Yredelemnul.
  4267 | D:4      | Found a sacrificial altar of Ru.
  4416 | D:5      | Entered Level 5 of the Dungeon
  4480 | D:5      | Reached XP level 6. HP: 23/39 MP: 6/6
  4513 | D:5      | HP: 2/40 [orc priest/nerve-wracking pain (1)]
  4807 | D:5      | Noticed Menkaure
  4827 | D:5      | Killed Menkaure
  4828 | D:5      | Reached skill level 5 in Fighting
  4828 | D:5      | Reached skill level 5 in Armour
  4828 | D:5      | Reached skill level 5 in Shields
  4828 | D:5      | Reached XP level 7. HP: 17/44 MP: 7/7
  5844 | D:5      | Reached skill level 5 in Maces & Flails
  5844 | D:5      | Reached XP level 8. HP: 38/51 MP: 8/8
  6088 | D:5      | Found a transporter.
  6177 | D:5      | Noticed Duvessa
  6177 | D:5      | Noticed Dowan
  6203 | D:5      | Killed Duvessa
  6212 | D:5      | Killed Dowan
  6748 | D:5      | Found a transporter.
  6785 | D:5      | Found a one-way gate to the infinite horrors of the Abyss.
  6794 | D:5      | Noticed Tenar's ghost (novice DsFi)
  6899 | D:5      | Killed Tenar's ghost
  6918 | D:5      | Mangled by a small abomination

Illustrated notes

Levels and vault maps discovered:
D:1:      dpeg_arrival_windows_large_door, layout_basic, serial_forest,
          infiniplex_forest_fountain, infiniplex_forest_end_1,
          infiniplex_forest_split, infiniplex_forest_straight_4,
          infiniplex_forest_corner_1, infiniplex_forest_straight_2,
          basic_ecumenical_altar, minmay_misc_feat_hallway, minmay_vboxes
D:2:      layout_basic
D:3:      layout_loops_corners, marbit_many_paths
D:4:      layout_loops_ring, nicolae_overflow_hidden_temple,
          lemuel_zombie_altar_yredelemnul, nicolae_ru_the_path_less_chosen
D:5:      layout_rooms, gammafunk_ghost_abyssal_escape, minmay_misc_feat_doors,
          minmay_manual_mares, uniq_duvessa, uniq_menkaure

Skill      XL: |  1  2  3  4  5  6  7  8 |
---------------+-------------------------+-----
Fighting       | 4 5 6 |  6.5
Shields        | 4 5 6 |  6.5
Armour         | 4 5 6 |  6.5
Maces & Flails | 3 5 6 |  6.6

Action                   |  1- 3 |  4- 6 |  7- 9 || total
-------------------------+-------+-------+-------++-------
Melee: Flail             |   148 |   184 |   150 ||   482
  Use: Scroll            |       |     7 |     7 ||    14
       Potion            |       |     2 |     3 ||     5
Armor: Scale mail        |    84 |    88 |    85 ||   257
Dodge: Dodged            |    90 |    78 |    62 ||   230
Block: Buckler           |    34 |    63 |    47 ||   144

Table legend: (Time is in decaauts)
 A = Elapsed time spent in this place.
 B = Non-inter-level travel time spent in this place.
 C = Inter-level travel time spent in this place.
 D = Time resting spent in this place.
 E = Time spent auto-exploring this place.
 F = Levels seen in this place.
 G = Mean time per level.
                   A        B        C        D        E       F      G
               +--------+--------+--------+--------+--------+-----+--------+
         Total |   7023 |   6827 |    196 |    368 |   5498 |   5 | 1404.6 |
       Dungeon |   7023 |   6827 |    196 |    368 |   5498 |   5 | 1404.6 |
               +--------+--------+--------+--------+--------+-----+--------+

Top non-repeatable levels by time:
     D:5: 2534 daAuts
     D:2: 1272 daAuts
     D:3: 1244 daAuts
     D:1: 1152 daAuts
     D:4: 819 daAuts
